 Dungeon Crawl Stone Soup version 0.29-a0-314-gb00dd7cb4b (webtiles) character file.

Game seed: 9110288208172894351

18287 Murumi the Covert (level 12, 0/95 HPs)
             Began as a Formicid Abyssal Knight on Mar 29, 2022.
             Was a High Priest of Lugonu.
             Slain by Snorg (9 damage)
             ... on level 10 of the Dungeon.
             The game lasted 00:54:20 (12509 turns).

Murumi the Covert (Formicid Abyssal Knight)        Turns: 12509, Time: 00:54:23

Health: 0/95       AC: 31    Str: 28    XL:     12   Next: 93%
Magic:  11/15      EV:  5    Int: 10    God:    Lugonu [*****.]
Gold:   543        SH: 25    Dex: 11    Spells: 11/11 levels left

rFire   . . .      SeeInvis +   a - +6 whip (vamp)
rCold   . . .      Faith    .   h - +10 tower shield of Ignorance {rN+ Int-4}
rNeg    + . .      Spirit   .   i - +8 orange crystal plate armour {Archmagi, Int+3 Clar}
rPois   .          Reflect  .   (helmet unavailable)
rElec   .          Harm     .   g - +0 cloak
rCorr   .          Rampage  .   d - +1 pair of gloves
Will    +....      Archmagi +   (no boots)
Stlth   .......... Clarity  +   t - amulet of regeneration
HPRegen 1.05/turn               r - +6 ring of strength
MPRegen 0.14/turn               (no ring)

@: studying Stealth
A: permanent stasis, dig shafts and tunnels, antennae 3, four strong arms
a: Dig, Shaft Self, Renounce Religion, Depart the Abyss, Bend Space, Banish,
Corrupt, Enter the Abyss


You were on level 10 of the Dungeon.
You worshipped Lugonu.
Lugonu was extremely pleased with you.
You visited 2 branches of the dungeon, and saw 11 of its levels.
You visited the Abyss 1 time.
You also visited: Sewer.

You collected 543 gold pieces.

Inventory:

Hand Weapons
 a - a +6 vampiric whip (weapon)
 f - a +0 hand crossbow of chaos
 w - a +3 dire flail
Missiles
 q - a throwing net
Armour
 d - a +1 pair of gloves (worn)
 g - a +0 cloak (worn)
 h - the +10 tower shield of Ignorance (worn) {rN+ Int-4}
   (You acquired it on level 2 of the Dungeon)

   Int:       It affects your intelligence (-4).
   rN:        It protects you from negative energy.
 i - the +8 orange crystal plate armour (worn) {Archmagi, Int+3 Clar}
   (You found it on level 4 of the Dungeon)

   Int:       It affects your intelligence (+3).
   Clar:      It protects you against confusion.
Jewellery
 r - a +6 ring of strength (left hand)
 t - an amulet of regeneration (around neck)
Wands
 p - a wand of polymorph (15)
Scrolls
 k - 2 scrolls of fear
 l - 2 scrolls of enchant armour
 n - 8 scrolls of identify
 v - a scroll of amnesia
 x - a scroll of fog
Potions
 b - 3 potions of flight
 c - 4 potions of mutation
 e - 7 potions of curing
 j - a potion of ambrosia
 m - a potion of brilliance
 o - a potion of might
 s - a potion of heal wounds
 u - a potion of attraction
 z - 2 potions of cancellation


   Skills:
 - Level 9.0 Fighting
 - Level 8.0 Maces & Flails
 + Level 7.6 Crossbows
 - Level 9.0 Armour
 - Level 6.0 Dodging
 - Level 11.0 Stealth
 - Level 10.0 Shields
 - Level 5.0 Invocations
 - Level 4.0 Evocations


You had 11 spell levels left.
You didn't know any spells.
Your spell library contained the following spells:

 Spells                   Type           Power      Damage    Failure   Level
 Animate Skeleton         Necr           0%         N/A       100%        1
 Pain                     Necr           0%         1d4       100%        1
 Gell's Gravitas          Tloc           0%         N/A       100%        3
 Inner Flame              Hex/Fire       0%         N/A       100%        3
 Ozocubu's Armour         Ice            0%         N/A       100%        3
 Teleport Other           Tloc           0%         N/A       100%        3
 Vampiric Draining        Necr           0%         2d6       100%        3
 Cause Fear               Hex            0%         N/A       100%        4
 Metabolic Englaciation   Hex/Ice        0%         N/A       100%        5
 Dispersal                Tloc           0%         N/A       100%        6
 Simulacrum               Ice/Necr       0%         N/A       100%        6
 Ozocubu's Refrigeration  Ice            0%         4d5       100%        7
 Discord                  Hex            0%         N/A       100%        8


Dungeon Overview and Level Annotations

Branches:
Dungeon (10/15)            Temple (1/1) D:7            Lair (0/6) D:8
  Sewer (visited)
    Orc: D:9-12

Altars:
Ashenzari
Cheibriados
Dithmenos
Elyvilon
Fedhas
Gozag
Hepliaklqana
Kikubaaqudgha
Makhleb
Nemelex Xobeh
Okawaru
Qazlal
Ru
Sif Muna
Trog
Uskayaw
Vehumet
Wu Jian
Xom
Yredelemnul
Zin
The Shining One

Annotations:
D:10 Snorg


Innate Abilities, Weirdness & Mutations

You cannot be hasted, slowed, berserked, paralysed or teleported.
You can dig through walls and to a lower floor.
You have a pair of large antennae on your head. (SInv)
Your four strong arms can wield two-handed weapons with a shield.


Message History

You closely miss Snorg.
Snorg is moderately wounded.
Snorg bites you but does no damage. You block Snorg's attack. x3
Snorg claws you! Snorg claws you but does no damage.
You whack Snorg!
You feel better.
Snorg is moderately wounded.
You block Snorg's attack. Snorg claws you but does no damage. Snorg claws you.
You hit Snorg.
Snorg is moderately wounded.
You block Snorg's attack. x3
You hit Snorg.
You feel better.
Snorg is moderately wounded.
You block Snorg's attack. x2; Snorg claws you.
Snorg bites you but does no damage. Snorg claws you.
Snorg claws you but does no damage.
You hit Snorg.
You feel better.
Snorg is moderately wounded.
You block Snorg's attack. Snorg claws you! You block Snorg's attack.
You hit Snorg.
Snorg is moderately wounded.
Snorg bites you! You block Snorg's attack. Snorg claws you but does no damage.
You hit Snorg.
You feel better.
Snorg is moderately wounded.
Snorg bites you!!
You block Snorg's attack. x2; Snorg bites you!
* * * LOW HITPOINT WARNING * * *
You block Snorg's attack. Snorg claws you!
* * * LOW HITPOINT WARNING * * *
Press: ? - help, Shift-Dir - straight line, f/p - Snorg
Aim: Snorg (moderately wounded, berserk, chance to affect: 50%)
You fail to use your ability.
You block Snorg's attack. Snorg claws you but does no damage.
Snorg barely misses you.
Unknown command.
Press: ? - help, Shift-Dir - straight line, f/p - Snorg
Aim: Snorg (moderately wounded, berserk, chance to affect: 50%) Snorg resists with significant effort.
Snorg is no longer berserk.
Snorg bites you!
* * * LOW HITPOINT WARNING * * *
You block Snorg's attack. x2; Snorg bites you but does no damage.
You block Snorg's attack. Snorg claws you!
You die...

## ##. ..# ... ###
.... #.. ##.###....
##.. #≈≈≈#.....
##...# ##..≈≈≈≈≈≈.
......###....≈..≈≈≈
#.............####≈
......T@.##..##
........##..##
...#.....##.##### .
##....###....###
##..## #####..##
#... ####.# #...
###.#..# ####
##..#..#### ######
#.##.####.#


You could see Snorg (slow).

Vanquished Creatures
  2 centaur warriors (D:9)
  4 two-headed ogres
  3 death yaks (D:8)
  A flayed ghost (D:9)
  A skeletal warrior (D:9)
  A deep elf pyromancer (D:9)
  An unseen horror (D:6)
  A troll (D:9)
  Grinder (D:6)
  Prince Ribbit (D:5)
  3 hornets
  A slime creature (D:9)
  17 yaks
  A wraith (D:9)
  4 vampire mosquitoes (D:10)
  A wyvern (D:8)
  7 humans (D:10)
  A steam dragon (D:8)
  Duvessa (D:6)
  3 acid dragons
  A sky beast (D:5)
  2 water moccasins
  3 orc warriors
  2 black bears (D:6)
  A boggart (D:9)
  An ogre (D:5)
  4 centaurs
  2 phantoms
  6 kobold brigands
  7 bullfrogs
  2 gnoll sergeants
  3 scorpions
  A necrophage (D:3)
  9 wights
  Dowan (D:6)
  11 killer bees
  4 howler monkeys
  A gnoll shaman (D:9)
  8 hounds
  4 orc priests
  An iguana (D:6)
  Jessica (D:10)
  Natasha (thrice) (D:2)
  7 orc wizards
  15 gnolls
  8 adders
  2 river rats (Sewer)
  2 shadow imps
  2 ufetubi
  6 worms
  A dart slug (D:3)
  18 orcs
  5 bats
  8 endoplasms
  4 giant cockroaches
  10 goblins
  7 hobgoblins
  3 jackals (D:10)
  21 kobolds
  3 quokkas
  10 ball pythons
  2 frilled lizards (D:2)
  12 rats
279 creatures vanquished.

Notes
Turn   | Place    | Note
-------+----------+-------------------------------------------
     0 | Abyss:1  | Murumi the Formicid Abyssal Knight began the quest for the
                  | Orb.
     0 | Abyss:1  | Reached XP level 1. HP: 18/18 MP: 2/2
    15 | D:1      | Escaped the Abyss
    28 | D:1      | Reached skill level 1 in Dodging
   123 | D:1      | Reached XP level 2. HP: 8/25 MP: 3/3
   406 | D:1      | You fall into a shaft and drop 1 floor!
   545 | D:1      | Reached XP level 3. HP: 24/30 MP: 4/4
  1139 | D:1      | Found a faded altar of an unknown god.
  1212 | D:2      | Noticed Natasha
  1221 | D:2      | Killed Natasha
  1222 | D:2      | Reached skill level 1 in Stealth
  1222 | D:2      | Reached XP level 4. HP: 18/37 MP: 4/6
  1644 | D:2      | Identified a scroll of acquirement
  1644 | D:2      | Acquired the +10 tower shield of Ignorance {rN+ Int-4}
  1644 | D:2      | Found the +10 tower shield of Ignorance {rN+ Int-4}
  1827 | D:2      | Noticed Natasha
  1850 | D:2      | Killed Natasha
  1851 | D:2      | Reached skill level 1 in Shields
  2399 | D:2      | Noticed Natasha
  2415 | D:2      | Killed Natasha
  2416 | D:2      | Reached XP level 5. HP: 28/42 MP: 7/7
  2859 | D:3      | Reached *** piety under Lugonu
  3222 | D:3      | Reached skill level 2 in Stealth
  3598 | D:3      | Found a shimmering blue altar of Sif Muna.
  3663 | D:3      | Reached XP level 6. HP: 41/48 MP: 8/8
  3781 | D:4      | Found the +8 orange crystal plate armour {Archmagi, Int+3
                  | Clar}
  3942 | D:4      | Noticed an ogre
  3943 | D:4      | Banished an ogre
  3944 | D:4      | Reached XP level 7. HP: 54/54 MP: 4/9
  4102 | D:4      | Reached skill level 5 in Shields
  4111 | D:4      | Found a bloodstained altar of Trog.
  4111 | D:4      | Found a broken altar of Ashenzari.
  4507 | D:5      | Entered Level 5 of the Dungeon
  4667 | D:5      | Reached skill level 3 in Stealth
  4775 | D:5      | Reached XP level 8. HP: 60/60 MP: 10/10
  4952 | D:5      | Reached skill level 5 in Fighting
  4971 | D:5      | Found a glowing drain.
  4980 | Sewer    | Entered a sewer
  5096 | Sewer    | Reached skill level 5 in Armour
  5321 | Sewer    | Reached **** piety under Lugonu
  5962 | D:5      | Reached skill level 1 in Crossbows
  6726 | D:6      | Noticed Prince Ribbit
  6781 | D:5      | Killed Prince Ribbit
  6782 | D:5      | Reached XP level 9. HP: 64/68 MP: 11/11
  6818 | D:6      | Reached skill level 4 in Stealth
  6922 | D:6      | Noticed Duvessa
  7128 | D:6      | Noticed Dowan
  7157 | D:6      | Killed Dowan
  7237 | D:6      | Killed Duvessa
  7399 | D:6      | Noticed Grinder
  7434 | D:6      | Killed Grinder
  7435 | D:6      | Reached skill level 5 in Maces & Flails
  7531 | D:6      | Found an ancient bone altar of Kikubaaqudgha.
  7616 | D:6      | Noticed a two-headed ogre
  7652 | D:6      | Killed a two-headed ogre
  7653 | D:6      | Reached skill level 5 in Crossbows
  7653 | D:6      | Reached skill level 1 in Evocations
  7653 | D:6      | Reached XP level 10. HP: 41/76 MP: 12/12
  7805 | D:6      | Noticed an unseen horror
  7863 | D:6      | Noticed a two-headed ogre
  7925 | D:6      | Killed an unseen horror
  8290 | D:6      | Killed a two-headed ogre
  8956 | D:7      | Reached skill level 5 in Dodging
  9416 | D:7      | Found a snail-covered altar of Cheibriados.
  9535 | D:7      | Found a staircase to the Ecumenical Temple.
  9577 | Temple   | Entered the Ecumenical Temple
  9674 | D:8      | Acquired a manual of Stealth
  9775 | D:8      | Reached skill level 5 in Stealth
  9775 | D:8      | Reached XP level 11. HP: 84/84 MP: 14/14
  9792 | D:8      | Reached skill level 6 in Stealth
  9847 | D:8      | Noticed a death yak
  9847 | D:8      | Noticed a death yak
  9849 | D:8      | Noticed a death yak
  9892 | D:8      | Killed a death yak
  9893 | D:8      | Reached skill level 7 in Stealth
  9893 | D:8      | Reached skill level 8 in Stealth
  9893 | D:8      | Reached skill level 9 in Stealth
  9903 | D:8      | Killed a death yak
  9904 | D:8      | Reached skill level 10 in Stealth
  9938 | D:8      | Killed a death yak
  9941 | D:8      | Reached ***** piety under Lugonu
  9978 | D:8      | Found a staircase to the Lair.
 10471 | D:9      | Noticed a skeletal warrior
 10471 | D:9      | Noticed a centaur warrior
 10471 | D:9      | Noticed a centaur warrior
 10472 | D:9      | Noticed a flayed ghost
 10519 | D:9      | Killed a centaur warrior
 10537 | D:9      | Killed a centaur warrior
 10667 | D:9      | Killed a skeletal warrior
 10714 | D:9      | Found an iron altar of Okawaru.
 10780 | D:9      | Reached XP level 12. HP: 87/87 MP: 15/15
 10821 | D:9      | Noticed a two-headed ogre
 10834 | D:9      | Killed a two-headed ogre
 10835 | D:9      | Reached skill level 5 in Invocations
 11046 | D:9      | Reached skill level 11 in Stealth
 11201 | D:9      | Noticed a two-headed ogre
 11215 | D:9      | Killed a two-headed ogre
 11216 | D:9      | Reached skill level 10 in Shields
 11388 | D:9      | Killed a flayed ghost
 11650 | D:10     | Entered Level 10 of the Dungeon
 11650 | D:10     | Found a radiant altar of Vehumet.
 12036 | D:10     | Noticed Jessica
 12041 | D:10     | Killed Jessica
 12484 | D:10     | Noticed Snorg
 12509 | D:10     | Slain by Snorg

Illustrated notes

Levels and vault maps discovered:
D:1:      tarquinn_simple_flora_water_a, layout_rooms,
          shapermc_ecumenical_altar_flowoftime
D:2:      layout_basic, uniq_natasha
D:3:      layout_rooms, mainiacjoe_overflow_alcove_4
D:4:      layout_rooms, gammafunk_temple_overflow_wave
D:5:      layout_loops_corners, cheibrodos_sewer_entry_bend, kennysheep_nub
D:6:      layout_rooms, old_standard_altar, kb_rosetta, uniq_grinder,
          uniq_prince_ribbit1, uniq_duvessa
D:7:      layout_loops_ring, slow_altar_2,
          minmay_temple_entry_statues_fountains, grunt_ministairs_13,
          hex_medium, st_stairs_12, nicolae_figureground_sparkle
D:8:      layout_rooms, dpeg_lair_monsters
D:9:      nzn_winding_woodlands_cross [nzn_winding_woodlands_5x15_pockets,
          nzn_winding_woodlands_5x15_default, nzn_winding_woodlands_5x15_pool,
          nzn_winding_woodlands_5x15_split_checker,
          nzn_winding_woodlands_15x15_killbox], layout_long_grid,
          mainiacjoe_overflow_surrounded_room
D:10:     erik_cavepeople, layout_cave_pools, mainiacjoe_overflow_boulevard,
          serial_rivers, chequers_serial_rivers_small_a,
          chequers_serial_rivers_micro_a, chequers_serial_rivers_small_a,
          chequers_serial_rivers_small_b, chequers_serial_rivers_micro_b,
          uniq_snorg
Temple:   minmay_freezing_vapour_temple

Skill      XL: |  1  2  3  4  5  6  7  8  9 10 11 12 |
---------------+-------------------------------------+-----
Dodging        | 1 2 3 4 5 6 |  6.0
Fighting       | 4 5 6 7 8 9 |  9.0
Armour         | 3 4 5 6 7 8 9 |  9.0
Invocations    | 3 4 5 |  5.0
Stealth        | 1 2 3 4 5 10 11 | 11.0
Shields        | 2 4 5 6 7 8 9 10 | 10.0
Maces & Flails | 3 4 5 6 7 8 |  8.0
Crossbows      | 4 5 6 7 |  7.6
Evocations     | 3 4 |  4.0

Action                   |  1- 3 |  4- 6 |  7- 9 | 10-12 || total
-------------------------+-------+-------+-------+-------++-------
Melee: Mace              |    47 |       |       |       ||    47
       Punch             |     1 |       |       |       ||     1
       Whip              |       |   281 |   694 |  1339 ||  2314
 Fire: Hand crossbow     |       |       |    62 |    95 ||   157
Invok: Banish            |       |     3 |       |     2 ||     5
 Abil: Dig               |       |       |     5 |     4 ||     9
  Use: Scroll            |     7 |     6 |     9 |     9 ||    31
       Potion            |       |       |     1 |     1 ||     2
 Stab: Distracted        |       |     1 |       |       ||     1
Armor: Leather armour    |    11 |       |       |       ||    11
       Ring mail         |       |    17 |       |       ||    17
       Crystal plate arm |       |    18 |   186 |   431 ||   635
Dodge: Dodged            |    25 |    18 |    11 |   100 ||   154
Block: Tower shield      |       |   242 |   706 |  1682 ||  2630

Table legend: (Time is in decaauts)
 A = Elapsed time spent in this place.
 B = Non-inter-level travel time spent in this place.
 C = Inter-level travel time spent in this place.
 D = Time resting spent in this place.
 E = Time spent auto-exploring this place.
 F = Levels seen in this place.
 G = Mean time per level.
                   A        B        C        D        E       F      G
               +--------+--------+--------+--------+--------+-----+--------+
         Total |  13026 |  12251 |    775 |    554 |   7220 |  13 | 1002.0 |
       Dungeon |  11981 |  11212 |    769 |    536 |   6635 |  10 | 1198.1 |
        Temple |     15 |     10 |      5 |      0 |     10 |   1 |   15.0 |
         Abyss |     15 |     15 |      0 |      0 |      6 |   1 |   15.0 |
         Sewer |   1014 |   1014 |      0 |     18 |    569 |   1 | 1014.0 |
               +--------+--------+--------+--------+--------+-----+--------+

Top non-repeatable levels by time:
     D:2: 1683 daAuts
     D:5: 1672 daAuts
     D:6: 1663 daAuts
     D:9: 1372 daAuts
     D:7: 1150 daAuts
     D:1: 1085 daAuts
     D:3: 1016 daAuts
   Sewer: 1014 daAuts
     D:4: 850 daAuts
    D:10: 770 daAuts
     D:8: 716 daAuts
  Temple: 15 daAuts
 Abyss:1: 15 daAuts
